 Dungeon Crawl Stone Soup version 0.30-a0-222-ge547ba4400 (webtiles) character file.

Game seed: 3398804027819070519

165 qw the Chopper (level 5, -1/32 HPs)
             Began as a Gargoyle Fighter on Oct 8, 2022.
             Slain by a hound (3 damage)
             ... on level 4 of the Dungeon.
             The game lasted 00:00:48 (2533 turns).

qw the Chopper (Gargoyle Fighter)                   Turns: 2533, Time: 00:00:49

Health: -1/32      AC: 14    Str: 21    XL:     5   Next: 46%
Magic:  5/5        EV:  7    Int:  9    God:
Gold:   141        SH:  4    Dex:  9    Spells: 4/4 levels left

rFire   . . .      SeeInvis .    Y - +0 war axe
rCold   . . .      Faith    .    c - +0 buckler
rNeg    + . .      Spirit   .    a - +0 chain mail
rPois   inf        Reflect  .    k - +0 helmet
rElec   +          Harm     .    (no cloak)
rCorr   .          Rampage  .    (no gloves)
Will    .....                    (no boots)
Stlth   ..........               (no amulet)
HPRegen 0.25/turn                (no ring)
MPRegen 0.09/turn                (no ring)

@: no status effects
A: sickness immunity, AC +4, negative energy resistance 1, electricity
resistance, torment resistance 1, petrification resistance
a: no special abilities


You were on level 4 of the Dungeon.
You visited 1 branch of the dungeon, and saw 4 of its levels.

You collected 141 gold pieces.


Innate Abilities, Weirdness & Mutations

You are immune to sickness and miasma.
Your stone body is resilient. (AC +4)
You are immune to poison.
You resist negative energy. (rN+)
You are resistant to electric shocks. (rElec)
You are resistant to unholy torment.
You are immune to petrification.


   Skills:
 - Level 3.2 Fighting
 + Level 4.8 Axes
 - Level 1.0 Throwing
 - Level 3.2 Armour
 - Level 3.2 Shields


You had 4 spell levels left.
You didn't know any spells.
Your spell library was empty.

Inventory:

Hand Weapons
 g - a +0 flail
 Y - a +0 war axe (weapon)
Missiles
 b - 2 boomerangs of dispersal
 n - 6 javelins (quivered)
Armour
 a - a +0 chain mail (worn)
 c - a +0 buckler (worn)
 k - a +0 helmet (worn)
Scrolls
 h - a scroll of silence {unknown}
Potions
 d - a potion of might
 e - a potion of lignification {unknown}
 f - a potion of invisibility {unknown}
 i - 2 potions of curing
 j - 2 potions of attraction
 l - a potion of degeneration {unknown}
 o - a potion of flight {unknown}

Dungeon Overview and Level Annotations

Branches:
Dungeon (4/15)
 Temple: D:4-7

Altars:

Shops:
D:1 [

Annotations:
D:4 Menkaure


Message History

You slash Menkaure!
Menkaure is heavily damaged.
You barely miss the hound. The hound bites you. You block Menkaure's attack.
The hound bites you but does no damage.
You barely miss Menkaure.
Menkaure is heavily damaged.
You hit the hound. You block the hound's attack. Menkaure hits you.
Menkaure casts a spell at you. Pain shoots through your body!
The hound bites you but does no damage.
You hit Menkaure.
Menkaure is severely damaged.
You miss the hound. The hound bites you but does no damage.
Menkaure calls on the powers of darkness!
Your body is wracked with pain!
The hound bites you but does no damage.
Menkaure calls on the powers of darkness!
Your body is wracked with pain!
You hit Menkaure.
Menkaure is severely damaged.
You hit the hound. The hound bites you. Menkaure hits you!
You block the hound's attack.
You barely miss Menkaure.
Menkaure is severely damaged.
You hit the hound. The hound bites you but does no damage.
Menkaure calls on the powers of darkness!
You feel a surge of unholy energy. The hound bites you but does no damage.
You barely miss Menkaure.
Menkaure is severely damaged.
You closely miss the hound.
Menkaure calls on the powers of darkness!
You feel a surge of unholy energy. The hound bites you but does no damage.
You block Menkaure's attack. The hound bites you but does no damage.
You hit Menkaure.
Menkaure is almost destroyed.
You barely miss the hound. The hound bites you.
You die...

#..#######.##.##...
###..#...:..... ...#.
########......#..#..# ......
.....<.#.####...#...##...#.#
###.%>...# #..#..#.........
.........# #.#..#.........#
###......# #...#...#(......
##...#.# #..#..#.........
##.##.. ...#.@#..##....##
#.#####.#..M#h..# .#.## #.#
#.#..#..#.# .### #. #
#.#..#..# # .....# ... ##.
#.## # .# ##


You could see Menkaure (fast) and a hound.

Vanquished Creatures
  2 orc priests (D:3)
  Jessica (D:2)
  An adder (D:2)
  7 orcs
  2 ball pythons
  3 bats
  5 endoplasms
  5 giant cockroaches
  7 goblins
  2 hobgoblins (D:3)
  10 jackals
  3 quokkas
  3 kobolds
  7 rats
58 creatures vanquished.

Notes
Turn   | Place    | Note
-------+----------+-------------------------------------------
     0 | D:1      | qw the Gargoyle Fighter began the quest for the Orb.
     0 | D:1      | Reached XP level 1. HP: 14/14 MP: 1/1
     0 | D:1      | 0 ||| qw: Version: 0.2-a-17-g06abaee
     0 | D:1      | 0 ||| qw: Game counter: 2049
     0 | D:1      | 0 ||| qw: Always use a shield: true
     0 | D:1      | 0 ||| qw: God list: Okawaru
     0 | D:1      | 0 ||| qw: Allow faded altars: false
     0 | D:1      | 0 ||| qw: Do Orc after D:15 true
     0 | D:1      | 0 ||| qw: Do second Lair branch before Depths: true
     0 | D:1      | 0 ||| qw: Lair rune preference: random
     0 | D:1      | 0 ||| qw: Plans: Normal, Zot:1-4, God:TSO, Crypt, Tomb,
                  | Pan, Slime:5, Hells, Abyss, Orb
     0 | D:1      | 0 ||| PLANNING D:1-11
   125 | D:1      | Reached skill level 2 in Axes
   179 | D:1      | Reached XP level 2. HP: 19/19 MP: 2/2
   217 | D:1      | Found Dusab's Antique Armour Shop.
   227 | D:1      | 227 ||| SHOPLISTING pair of boots (108 gold, have 17).
   227 | D:1      | 227 ||| SHOPLISTING shiny ring mail (168 gold, have 17).
   380 | D:1      | 380 ||| DROPPING +0 club.
   474 | D:1      | Reached skill level 3 in Axes
   560 | D:1      | Reached XP level 3. HP: 23/23 MP: 3/3
   914 | D:1      | 914 ||| DROPPING ring of magical power.
   915 | D:1      | 915 ||| READING scroll labelled LYUKHLI BOYTIPH.
   916 | D:1      | 916 ||| READING scroll labelled ILUBIOBAHEJ.
   917 | D:1      | 917 ||| READING scroll labelled TOW FIRECAKAE.
   918 | D:1      | 918 ||| DRINKING 2 fizzy cyan potions.
   919 | D:1      | 919 ||| DRINKING 2 purple potions.
  1519 | D:2      | 1519 ||| DROPPING +1 flail of distortion.
  1668 | D:2      | 1668 ||| Stepping ~*~*~tactically~*~*~ (stealth).
  1693 | D:2      | Found a faded altar of an unknown god.
  1715 | D:2      | Noticed Jessica
  1722 | D:2      | Killed Jessica
  1723 | D:2      | Reached skill level 4 in Axes
  1723 | D:2      | Reached XP level 4. HP: 27/28 MP: 4/4
  1830 | D:2      | 1830 ||| UPGRADING to +0 chain mail.
  1840 | D:2      | 1840 ||| DROPPING +0 scale mail.
  1841 | D:2      | 1841 ||| READING scroll labelled DAAFIDDYWI.
  1842 | D:2      | 1842 ||| READING scroll labelled CEKESA RASCHAF.
  1843 | D:2      | 1843 ||| READING scroll labelled IWEIMAMMUDYCH.
  1844 | D:2      | 1844 ||| DRINKING 3 green potions.
  1908 | D:3      | 1908 ||| Stepping ~*~*~tactically~*~*~ (stealth).
  1911 | D:3      | 1911 ||| Stepping ~*~*~tactically~*~*~ (stealth).
  1913 | D:3      | 1913 ||| Stepping ~*~*~tactically~*~*~ (stealth).
  1918 | D:3      | 1918 ||| Stepping ~*~*~tactically~*~*~ (stealth).
  1919 | D:3      | 1919 ||| STAIRDANCE
  1932 | D:3      | 1932 ||| STAIRDANCE
  1986 | D:3      | 1986 ||| DROPPING +0 mace.
  2006 | D:3      | Reached skill level 1 in Throwing
  2028 | D:3      | 2028 ||| Stepping ~*~*~tactically~*~*~ (hiding).
  2029 | D:3      | 2029 ||| Stepping ~*~*~tactically~*~*~ (hiding).
  2030 | D:3      | 2030 ||| Stepping ~*~*~tactically~*~*~ (hiding).
  2043 | D:3      | HP: 7/28 [orc/+0 trident (1)]
  2044 | D:3      | Reached XP level 5. HP: 8/32 MP: 5/5
  2044 | D:3      | 2044 ||| DRINKING potion of heal wounds.
  2052 | D:3      | HP: 6/32 [orc priest/divine providence (14)]
  2057 | D:3      | HP: 2/32 [orc/+0 trident (3)]
  2467 | D:3      | 2467 ||| DROPPING orb of light.
  2468 | D:3      | 2468 ||| UPGRADING to +0 helmet.
  2477 | D:4      | 2477 ||| STAIRDANCE
  2521 | D:4      | Noticed Menkaure
  2522 | D:4      | 2522 ||| Stepping ~*~*~tactically~*~*~ (hiding).
  2530 | D:4      | HP: 1/32 [Menkaure (11)]
  2533 | D:4      | Slain by a hound

Levels and vault maps discovered:
D:1:      dpeg_arrival_circle_labyrinth_b, layout_basic, serial_shops,
          nicolae_lakefront_shop
D:2:      layout_basic, ebering_ecumenical_altar_sacrificial, uniq_jessica
D:3:      layout_basic
D:4:      layout_loops_ring, minmay_misc_feat_diagonals,
          nicolae_inconvenience_store, chequers_serial_rivers_micro_c,
          uniq_menkaure

Skill      XL: |  1  2  3  4 |
---------------+-------------+-----
Axes           | 2 3 4 |  4.8
Throwing       | 1 |  1.0
Fighting       | |  3.2
Armour         | |  3.2
Shields        | |  3.2

Action                   |  1- 3 |  4- 6 || total
-------------------------+-------+-------++-------
Melee: War axe           |    82 |    70 ||   152
Throw: Javelin           |       |    14 ||    14
  Use: Scroll            |     3 |     3 ||     6
       Potion            |     2 |     2 ||     4
Armor: Scale mail        |    32 |     1 ||    33
       Chain mail        |       |    52 ||    52
Dodge: Dodged            |    34 |    32 ||    66
Block: Buckler           |    21 |    16 ||    37

Table legend:
 A = Non-vault XP
 B = Vault XP
 C = Vault XP percentage of total XP
 D = Non-vault monster count
 E = Vault monster count
 F = Vault count percentage of total count
                 A         B        C        D         E       F
            +---------+---------+-------+---------+---------+-------
      Total |     199 |      37 |  15.7 |      57 |       1 |   1.7
            +---------+---------+-------+---------+---------+-------
        D:1 |      38 |       0 |   0.0 |      21 |       0 |   0.0
        D:2 |      32 |      37 |  53.6 |      13 |       1 |   7.1
        D:3 |     123 |       0 |   0.0 |      20 |       0 |   0.0
        D:4 |       6 |       0 |   0.0 |       3 |       0 |   0.0
            +---------+---------+-------+---------+---------+-------
